 Dungeon Sprint DCSS version 0.26-a0-752-gcff87cac9a (webtiles) character file.

Game seed: 14873999886595251388

2318 sahdkjhfkaj the Unseen (level 9, -3/39 HPs)
             Began as a Spriggan Enchanter on Nov 6, 2020.
             Was a High Priest of Cheibriados.
             Killed from afar by an oklob sapling (13 damage)
             ... with a splash of acid
             ... in the Dungeon (Sprint IV: "Fedhas' Mad Dash").
             The game lasted 00:05:28 (2462 turns).

sahdkjhfkaj the Unseen (Spriggan Enchanter)         Turns: 2462, Time: 00:05:29

Health: -3/39      AC:  2    Str: 15    XL:     9   Next: 18%
Magic:  20/23      EV: 20    Int: 28    God:    Cheibriados [*****.]
Gold:   175        SH:  0    Dex: 30    Spells: 20/26 levels left

rFire    . . .     SeeInvis +   a - +1 dagger
rCold    . . .     Faith    .   (shield restricted)
rNeg     . . .     Spirit   .   b - +0 robe
rPois    .         Reflect  .   (helmet restricted)
rElec    .         Harm     .   (no cloak)
rCorr    .         Rampage  .   (gloves unavailable)
MR       +....     NoTele   +   (boots unavailable)
Stlth    ++++++++..             c - amulet of invisibility {+Inv}
HPRegen  0.13/turn              (no ring)
MPRegen  0.18/turn              (no ring)

@: very slow
A: very small, unfitting armour, see invisible, speed 3
a: Bend Time, Temporal Distortion, Slouch, Step From Time, Renounce Religion,
Evoke Invisibility


You were in the Dungeon.
You worshipped Cheibriados.
Cheibriados was extremely pleased with you.
You visited 1 branch You collected 175 gold pieces.

Inventory:

Hand Weapons
 a - a +1 dagger (weapon)
Armour
 b - a +0 robe (worn)
Jewellery
 c - the amulet of invisibility (around neck) {+Inv}
   (You found it in the Dungeon)

   [amulet of nothing]

   It lets you turn invisible.
Scrolls
 e - a scroll of identify {!r, unknown}
Potions
 d - a potion of brilliance {!q, unknown}
 f - a potion of haste {!q}
 g - 2 potions of magic {!q}


   Skills:
 + Level 8.3 Short Blades
 - Level 3.0 Dodging
 + Level 20.2 Stealth
 + Level 9.4 Spellcasting
 * Level 12.8 Hexes
 + Level 3.6 Invocations


You had 20 spell levels left.
You knew the following spells:

 Your Spells              Type           Power        Failure   Level
a - Ensorcelled Hibernat  Hex/Ice        #####.       1%          2
c - Corona                Hex            ######.      1%          1
T - Confusing Touch       Hex            ######..     1%          3

Your spell library contained the following spells:

 Spells                   Type           Power        Failure   Level
 Dazzling Flash           Conj/Hex       #####.       1%          3
 Tukima's Dance           Hex            ######..     1%          3


Dungeon Overview and Level Annotations

Branches:
Dungeon (1/1)

Altars:
Cheibriados
Dithmenos
Elyvilon
Gozag
Hepliaklqana
Kikubaaqudgha
Makhleb
Nemelex Xobeh
Okawaru
Qazlal
Ru
Sif Muna
Trog
Uskayaw
Vehumet
Wu Jian
Xom
Yredelemnul
Zin
The Shining One
Beogh
Jiyva
Lugonu

Shops:
D *?=[

Annotations:
D exclusions: oklob plant and oklob sapling


Innate Abilities, Weirdness & Mutations

You are very small and have problems with some larger weapons.
You are too small for most types of armour.
You have supernaturally acute eyesight. (SInv)
You cover ground extremely quickly.


Message History

The wandering mushroom closely misses you.
You hit the wandering mushroom but do no damage.
The wandering mushroom appears confused.
You hit the wandering mushroom but do no damage.
The wandering mushroom releases spores at you.
You are engulfed in a cloud of spores!
You strike the helpless wandering mushroom from behind!
You stick the wandering mushroom like a pincushion!!!
You destroy the wandering mushroom!
Cheibriados appreciates the change of pace.
You can now step out of the flow of time.
Cheibriados raises the support of your attributes as your movement slows.
The oklob plant spits acid at you. The splash of acid hits you!
* * * LOW HITPOINT WARNING * * *
You are splashed with acid!
* * * LOW HITPOINT WARNING * * *
The oklob sapling spits acid at you. The splash of acid hits you!
You die...

#<..P#.....#.....#.⌠._._.
#PP..†.....'.#.[.'.._._._
#PPPP#.....#.#...#..._._.
###############'##.._._._
#...♣........'...#._._._.
#......♣.....#...########
#.....♣..♣..######
##'####'######P}
#[.#....@.......
#.[#.)###....P.. #######
#######


You could see an oklob plant and an oklob sapling.

Vanquished Creatures
  An oklob plant (D)
  3 burning bushes (D)
  A queen bee (D)
  3 wandering mushrooms (D)
  2 scorpions (D)
  4 killer bees (D)
  4 oklob saplings (D)
  A worker ant (D)
  2 spriggans (D)
  A river rat (D)
  A rat (D)
23 creatures vanquished.

Vanquished Creatures (others)
  3 fungi (D)
3 creatures vanquished.

Grand Total: 26 creatures vanquished

Notes
Turn   | Place    | Note
-------+----------+-------------------------------------------
     0 | D        | sahdkjhfkaj the Spriggan Enchanter began the quest for the
                  | Orb.
     0 | D        | Reached XP level 1. HP: 9/9 MP: 5/5
    19 | D        | Reached skill level 5 in Stealth
    21 | D        | Reached skill level 8 in Stealth
    21 | D        | Reached XP level 2. HP: 13/13 MP: 6/6
    75 | D        | Noticed an oklob sapling
    77 | D        | Killed an oklob sapling
    77 | D        | Reached skill level 10 in Stealth
    77 | D        | Reached XP level 3. HP: 16/16 MP: 8/8
    82 | D        | Learned a level 3 spell: Confusing Touch
    84 | D        | Found the amulet of invisibility {+Inv}
    98 | D        | Reached skill level 12 in Stealth
   249 | D        | Found an opulent altar of Gozag.
   249 | D        | Found a hazy altar of Hepliaklqana.
   249 | D        | Found a roughly hewn altar of Beogh.
   249 | D        | Found a snail-covered altar of Cheibriados.
   250 | D        | Found a viscous altar of Jiyva.
   250 | D        | Found a burning altar of Makhleb.
   250 | D        | Found a sparkling altar of Nemelex Xobeh.
   250 | D        | Found a sacrificial altar of Ru.
   250 | D        | Found a shimmering blue altar of Sif Muna.
   250 | D        | Found a bloodstained altar of Trog.
   250 | D        | Found an ornate altar of the Wu Jian Council.
   250 | D        | Found a shimmering altar of Xom.
   250 | D        | Found a basalt altar of Yredelemnul.
   250 | D        | Noticed an oklob sapling priest
   251 | D        | Found an iron altar of Okawaru.
   251 | D        | Found a shadowy altar of Dithmenos.
   251 | D        | Found a glowing silver altar of Zin.
   252 | D        | Found an ancient bone altar of Kikubaaqudgha.
   252 | D        | Found a hide-covered altar of Uskayaw.
   253 | D        | Found a stormy altar of Qazlal.
   253 | D        | Found a white marble altar of Elyvilon.
   253 | D        | Found a glowing golden altar of the Shining One.
   254 | D        | Found a corrupted altar of Lugonu.
   254 | D        | Found a radiant altar of Vehumet.
   257 | D        | Killed an oklob sapling priest
   257 | D        | Reached skill level 14 in Stealth
   257 | D        | Reached XP level 4. HP: 21/21 MP: 6/9
   279 | D        | Became a worshipper of Cheibriados the Contemplative
   290 | D        | Reached skill level 15 in Stealth
   290 | D        | Reached XP level 5. HP: 24/24 MP: 10/10
   404 | D        | Learned a level 2 spell: Ensorcelled Hibernation
   409 | D        | Noticed a queen bee
   416 | D        | Killed a queen bee
   416 | D        | Reached skill level 17 in Stealth
   416 | D        | Reached skill level 18 in Stealth
   416 | D        | Reached skill level 5 in Hexes
   416 | D        | Reached XP level 6. HP: 28/28 MP: 9/12
   525 | D        | Reached * piety under Cheibriados
   659 | D        | Reached ** piety under Cheibriados
   659 | D        | Reached skill level 5 in Spellcasting
   663 | D        | Reached XP level 7. HP: 32/32 MP: 6/15
   829 | D        | Noticed a burning bush
   833 | D        | Killed a burning bush
   833 | D        | Reached skill level 5 in Short Blades
   860 | D        | Noticed an oklob plant
   863 | D        | Killed an oklob plant
   863 | D        | Reached *** piety under Cheibriados
   863 | D        | Reached skill level 19 in Stealth
   863 | D        | Reached skill level 10 in Hexes
   863 | D        | Reached XP level 8. HP: 36/36 MP: 17/20
   988 | D        | Noticed a burning bush
   988 | D        | Noticed an oklob plant
   989 | D        | Noticed a wandering mushroom
   990 | D        | Killed a burning bush
  1221 | D        | Reached **** piety under Cheibriados
  1231 | D        | Reached skill level 1 in Invocations
  1331 | D        | Found Dietat's Magic Scroll Shop.
  1331 | D        | Found Usiot's Assorted Antiques.
  1340 | D        | Noticed a burning bush
  1340 | D        | Noticed a wandering mushroom
  1341 | D        | Noticed a wandering mushroom
  1380 | D        | HP: 1/36 [poisoned by a scorpion]
  1386 | D        | HP: 1/36 [poisoned by a scorpion]
  1392 | D        | HP: 1/36 [poisoned by a scorpion]
  1398 | D        | HP: 1/36 [poisoned by a scorpion]
  2238 | D        | Killed a wandering mushroom
  2320 | D        | Killed a wandering mushroom
  2405 | D        | Killed a burning bush
  2405 | D        | Reached skill level 20 in Stealth
  2405 | D        | Reached XP level 9. HP: 39/39 MP: 23/23
  2410 | D        | Found Sipt's Jewellery Shoppe.
  2411 | D        | Found Xeguos's Antique Armour Emporium.
  2462 | D        | Reached ***** piety under Cheibriados
  2462 | D        | Killed from afar by an oklob sapling

Illustrated notes

Levels and vault maps discovered:
D:        dungeon_sprint_fedhas [sprint_temple]

Skill      XL: |  1  2  3  4  5  6  7  8 |
---------------+-------------------------+-----
Stealth        | 8 10 14 15 18 19 20 | 20.2
Short Blades   | 2 4 6 8 |  8.3
Spellcasting   | 3 5 7 9 |  9.4
Hexes          | 5 7 10 12 | 12.8
Invocations    | 3 |  3.6
Dodging        | |  3.0

Action                   |  1- 3 |  4- 6 |  7- 9 || total
-------------------------+-------+-------+-------++-------
Melee: Dagger            |    25 |     8 |    23 ||    56
 Cast: Confusing Touch   |     1 |       |     3 ||     4
       Ensorcelled Hiber |       |     9 |    10 ||    19
Invok: Temporal Distorti |       |       |     1 ||     1
 Abil: Evoke Invisibilit |     1 |     1 |       ||     2
  Use: Potion            |     1 |     1 |     1 ||     3
       Scroll            |       |     1 |       ||     1
 Stab: Sleeping          |     2 |     6 |     8 ||    16
       Confused          |     1 |       |     2 ||     3
       Distracted        |       |       |     2 ||     2
Armor: Robe              |       |     1 |       ||     1
Dodge: Dodged            |    22 |    18 |    25 ||    65

Table legend: (Time is in decaauts)
 A = Elapsed time spent in this place.
 B = Non-inter-level travel time spent in this place.
 C = Inter-level travel time spent in this place.
 D = Time resting spent in this place.
 E = Time spent auto-exploring this place.
 F = Levels seen in this place.
 G = Mean time per level.
                   A        B        C        D        E       F      G
               +--------+--------+--------+--------+--------+-----+--------+
         Total |   2490 |   2437 |     53 |   2074 |      0 |   1 | 2490.0 |
       Dungeon |   2490 |   2437 |     53 |   2074 |      0 |   1 | 2490.0 |
               +--------+--------+--------+--------+--------+-----+--------+

Top non-repeatable levels by time:
       D: 2490 daAuts
